 Dungeon Crawl Stone Soup version 0.30-a0-137-gd8773701ce (webtiles) character file.

Game seed: 6493648117805238804

760 ytrimaz the Changer (level 7, 0/91 HPs)
             Began as a Troll Transmuter on Sept 23, 2022.
             Succumbed to a gnoll's poison
             ... on level 5 of the Dungeon.
             The game lasted 00:03:51 (2601 turns).

ytrimaz the Changer (Troll Transmuter)              Turns: 2601, Time: 00:03:51

Health: 0/91       AC: 23    Str: 19    XL:     7   Next: 51%
Magic:  6/7        EV:  1    Int: 11    God:
Gold:   139        SH:  0    Dex: 10    Spells: 5/8 levels left

rFire   . . .      SeeInvis .      - Unarmed
rCold   . . .      Faith    .    (no shield)
rNeg    . . .      Spirit   .    (body armour currently unavailable)
rPois   +          Reflect  .    (helmet currently unavailable)
rElec   .          Harm     .    (cloak currently unavailable)
rCorr   .          Rampage  .    (gloves unavailable)
Will    .....      NoTele   +    (boots unavailable)
Stlth   +.........               (no amulet)
HPRegen 1.05/turn                (no ring)
MPRegen 0.10/turn                (no ring)

@: lethally poisoned (0 -> -12), tree-form, wereblooded
A: stationary, stasis, torment immunity, boosted hp, large, unfitting armour,
(claws 3), regeneration 1, (shaggy fur 1), (tough skin 1)
a: no special abilities


You were on level 5 of the Dungeon.
You were a tree.
You visited 1 branch of the dungeon, and saw 5 of its levels.

You collected 139 gold pieces.


Innate Abilities, Weirdness & Mutations

You are a tree.
Your roots penetrate the ground, keeping you stationary.
You cannot be teleported.
You are immune to unholy pain and torment.
Your maximum health is greatly increased.
Your equipment is partially melded.
You are too large for most types of armour.
((You have claws for hands.))
Your natural rate of healing is unusually fast.
((You are covered in fur. (AC +1)))
((You have tough skin. (AC +1)))


   Skills:
 - Level 0.7 Fighting
 - Level 1.5 Dodging
 - Level 3.0 Unarmed Combat
 - Level 1.2 Spellcasting
 * Level 6.5 Transmutations


You had 5 spell levels left.
You knew the following spells:

 Your Spells              Type           Power      Damage    Failure   Level
a - Beastly Appendage     Tmut           30%        N/A       2%          1
b - Wereblood             Tmut           15%        N/A       3%          2

Your spell library contained the following spells:

 Spells                   Type           Power      Damage    Failure   Level
 Spider Form              Tmut/Pois      7%         N/A       24%         3
 Ice Form                 Ice/Tmut       7%         N/A       63%         4
 Anguish                  Hex/Necr       0%         N/A       97%         4
 Enfeeble                 Hex            0%         N/A       100%        7

Inventory:

Armour
 a - a +1 robe (melded)
Wands
 k - a wand of roots (15)
   (You took it off Jessica on level 2 of the Dungeon)
 l - a wand of flame (19)
   (You found it on level 3 of the Dungeon)
Scrolls
 d - 2 scrolls of summoning
 f - 2 scrolls of poison
 g - 2 scrolls of teleportation
Potions
 c - 3 potions of brilliance
 e - a potion of cancellation {unknown}
 h - a potion of mutation {unknown}
 i - a potion of haste {unknown}
 j - 2 potions of might {unknown}
 m - a potion of attraction {unknown}

Dungeon Overview and Level Annotations

Branches:
Dungeon (5/15) Zot: 26932
 Temple: D:4-7

Altars:
Nemelex Xobeh

Annotations:
D:3 2 transporters, jlumianski's ghost, weakling GrGl

. #....##..####...#
#....###.........
#....# #.?..####.#
#....# ##..## .##
......###†## ##[...
.>.........###...!..
#.........#...[.#
#......)..)....#
#.......♣g......#
...####........## .
#.....#..#
....#..##...
#......## #...
##..#..# ....
#..#.## ... #.. .#


You could see a gnoll.


Message History

You are too injured to fight recklessly! 😮 HP[-4]
You take 4 damage, and now have 41/61 hp.
Unknown command.
You scratch the gnoll.
You kill the gnoll!
The white imp gestures at you. The puff of frost hits you! 😮 HP[-8]
You take 8 damage, and now have 33/61 hp. 2 gnolls come into view.
A gnoll is wielding a +0 spear of venom.
The gnoll shouts!
Things that are here:
a +0 whip; a gnoll corpse; 😮 HP[+1] Unknown command.
The gnoll shouts! 😮 HP[+1] 😮 HP[+1]
The white imp gestures at you. The puff of frost hits you.
You see here 6 stones. 😮 HP[-2] MP[+1]
You take 2 damage, and now have 34/61 hp.
Your mp is fully restored (7).
You scratch the white imp.
The white imp hits you but does no damage. 😮 HP[+1]
Casting: Beastly Appendage (safe; 2% risk of failure)
Confirm with . or Enter, or press ? or * to list all spells.
Your blood is infused with primal strength.
The white imp hits you. The white imp freezes you.
* * * LOW HITPOINT WARNING * * *
😨 HP[-5] MP[-2]
You take 5 damage, and now have 30/61 hp.
You lost 2 mp, and now have 5/7 mp.
Unknown command.
You claw the white imp!
You feel a bit better.
You kill the white imp! 😮 HP[+3]
You regained 3 hp, and now have 33/61 hp. 😮 HP[+1]
You closely miss the gnoll. Your kick misses the gnoll.
The gnoll hits you from afar with a +0 spear of venom!
* * * LOW HITPOINT WARNING * * *
The gnoll hits you with a +0 club.
* * * LOW HITPOINT WARNING * * *
Unknown command. 😨 HP[-9]
You take 9 damage, and now have 25/61 hp.
You claw the gnoll! Your headbutt misses the gnoll.
The gnoll hits you from afar with a +0 spear of venom.
* * * LOW HITPOINT WARNING * * *
You are poisoned.
The gnoll hits you with a +0 club.
* * * LOW HITPOINT WARNING * * *
😨 HP[-9]
You take 9 damage, and now have 16/61 hp.
You closely miss the gnoll. You claw the gnoll. You headbutt the gnoll.
You feel a bit better.
You kill the gnoll!
You feel sick.
The gnoll hits you but does no damage. 😨 HP[+2]
You regained 2 hp, and now have 18/61 hp.
Unknown command.
You feel sick. The gnoll hits you but does no damage.
You are more poisoned. 😨 HP[-1]
You take 1 damage, and now have 17/61 hp.
You barely miss the gnoll.
Your transformation is almost over.
You feel sick. 😨 HP[-1]
You take 1 damage, and now have 16/61 hp.
You scratch the gnoll but do no damage.
You feel sick.
The gnoll hits you with a +0 spear of venom.
* * * LOW HITPOINT WARNING * * *
You are more poisoned. 😱 HP[-4]
You take 4 damage, and now have 12/61 hp.
You scratch the gnoll.
You feel very sick. The gnoll misses you. 😱 HP[-2] MP[+1]
You take 2 damage, and now have 10/61 hp.
Unknown command.
You claw the gnoll!
You howl as the wereblood boils in your veins!
You feel very sick.
The gnoll hits you with a +0 spear of venom.
* * * LOW HITPOINT WARNING * * *
You are more poisoned. 😱 HP[-8]
You take 8 damage, and now have 2/61 hp.
Unknown command.
Really quaff the potion of lignification?
Your horns disappear.
Your talons disappear.
You turn into a tree.
Your +1 robe melds into your body.
Your roots penetrate the ground.
You die...

Skill      XL: |  1  2  3  4  5  6  7 |
---------------+----------------------+-----
Transmutations | 2 3 4 5 6 |  6.5
Fighting       | |  0.7
Dodging        | |  1.5
Unarmed Combat | |  3.0
Spellcasting   | |  1.2

Action                   |  1- 3 |  4- 6 |  7- 9 || total
-------------------------+-------+-------+-------++-------
Melee: Unarmed           |    41 |    85 |    68 ||   194
       Kick              |     4 |    14 |    11 ||    29
       Headbutt          |     3 |     8 |     7 ||    18
       Punch             |     1 |     3 |     1 ||     5
 Cast: Beastly Appendage |    15 |    11 |     7 ||    33
       Wereblood         |     1 |     4 |     2 ||     7
  Use: Scroll            |     6 |       |     2 ||     8
       Potion            |       |       |     1 ||     1
 Stab: Sleeping          |     1 |       |       ||     1
Armor: Robe              |    16 |    41 |    20 ||    77
Dodge: Dodged            |    16 |    49 |    22 ||    87

Levels and vault maps discovered:
D:1:      dpeg_arrival_tiny_j, layout_loops_ring,
          hellmonk_ecumenical_altar_blasted
D:2:      layout_basic, uniq_jessica
D:3:      minmay_recursive_quarters, layout_rooms, gammafunk_ghost_mausoleum,
          chequers_jeans
D:4:      layout_rooms, nemelex_dance_club_becter, serial_glass,
          glass_columns_a, glass_columns_a, feat_on_display, feat_on_display,
          due_unseen_surprise, feat_on_display, minmay_mini_ossuary,
          uniq_natasha
D:5:      layout_layer_cave, nicolae_overflow_squiral

Notes
Turn   | Place    | Note
-------+----------+-------------------------------------------
     0 | D:1      | ytrimaz the Troll Transmuter began the quest for the Orb.
     0 | D:1      | Reached XP level 1. HP: 18/18 MP: 1/1
     0 | D:1      | magus.rc [v1.9.6]
    18 | D:1      | Found a faded altar of an unknown god.
   213 | D:1      | Reached skill level 2 in Transmutations
   330 | D:1      | Reached XP level 2. HP: 26/26 MP: 0/2
   768 | D:2      | Learned a level 2 spell: Wereblood
   800 | D:2      | Reached XP level 3. HP: 32/32 MP: 1/3
   840 | D:2      | Noticed Jessica
   843 | D:2      | Killed Jessica
   844 | D:2      | Reached skill level 3 in Transmutations
  1262 | D:3      | Noticed a black bear
  1266 | D:3      | Reached XP level 4. HP: 40/40 MP: 0/4
  1274 | D:3      | Killed a black bear
  1275 | D:3      | Reached skill level 4 in Transmutations
  1275 | D:3      | Reached XP level 5. HP: 27/46 MP: 1/5
  1463 | D:3      | Noticed a phantom
  1474 | D:3      | Killed a phantom
  1539 | D:3      | Reached XP level 6. HP: 54/54 MP: 3/6
  1687 | D:3      | Noticed jlumianski's ghost (weakling GrGl)
  1688 | D:3      | Found a transporter.
  1724 | D:3      | Found a transporter.
  1880 | D:4      | Reached skill level 5 in Transmutations
  2135 | D:4      | Noticed Natasha
  2137 | D:4      | Reached XP level 7. HP: 61/61 MP: 5/7
  2149 | D:4      | Killed Natasha
  2182 | D:4      | Found a sparkling altar of Nemelex Xobeh.
  2237 | D:4      | Noticed Natasha
  2243 | D:4      | Killed Natasha
  2244 | D:4      | Reached skill level 6 in Transmutations
  2262 | D:4      | Noticed Natasha
  2269 | D:4      | Killed Natasha
  2414 | D:4      | You pick up a book of Maledictions and begin reading...
  2414 | D:4      | You add the spells Anguish and Enfeeble to your library.
  2532 | D:5      | Entered Level 5 of the Dungeon
  2598 | D:5      | HP: 15/61 [poisoned by a gnoll]
  2600 | D:5      | HP: 2/61 [gnoll/+0 spear of venom (6)]
  2601 | D:5      | Succumbed to a gnoll's poison

Vanquished Creatures
  A black bear (D:3)
  A phantom (D:3)
  4 scorpions
  An orc priest (D:4)
  Jessica (D:2)
  An iguana (D:5)
  Natasha (thrice) (D:4)
  An orc wizard (D:4)
  A mummy (D:4)
  2 gnolls (D:5)
  5 adders
  A white imp (D:5)
  An ufetubus (D:4)
  3 worms
  9 orcs
  9 ball pythons
  7 endoplasms
  2 giant cockroaches
  7 hobgoblins
  4 quokkas
  6 bats
  2 frilled lizards (D:3)
  7 goblins
  2 hobgoblin zombies (D:4)
  2 kobolds (D:3)
  A kobold zombie (D:4)
  An orc zombie (D:4)
  5 rats
90 creatures vanquished.

Table legend:
 A = Non-vault XP
 B = Vault XP
 C = Vault XP percentage of total XP
 D = Non-vault monster count
 E = Vault monster count
 F = Vault count percentage of total count
                 A         B        C        D         E       F
            +---------+---------+-------+---------+---------+-------
      Total |     867 |     220 |  20.2 |      72 |      18 |  20.0
            +---------+---------+-------+---------+---------+-------
        D:1 |      26 |       0 |   0.0 |      16 |       0 |   0.0
        D:2 |      33 |      37 |  52.9 |      10 |       1 |   9.1
        D:3 |     177 |     121 |  40.6 |      21 |       9 |  30.0
        D:4 |     469 |      62 |  11.7 |      20 |       8 |  28.6
        D:5 |     162 |       0 |   0.0 |       5 |       0 |   0.0
            +---------+---------+-------+---------+---------+-------

Illustrated notes

Table legend:
 A = Kills in this place as a percentage of kills in entire the game.
 B = Kills by you in this place as a percentage of kills by you in the entire game.
 C = Kills by friends in this place as a percentage of kills by friends in the entire game.
 D = Other kills in this place as a percentage of other kills in the entire game.
 E = Experience gained in this place as a percentage of experience gained in the entire game.
 F = Experience gained in this place divided by the number of levels of this place that you have seen.
                   A       B       C       D       E      F
               +-------+-------+-------+-------+-------+----------------------
         Total | 100.0 | 100.0 |   N/A |   N/A | 100.0 | 217.4
       Dungeon | 100.0 | 100.0 |   N/A |   N/A | 100.0 | 217.4
               +-------+-------+-------+-------+-------+----------------------

Table legend: (Time is in decaauts)
 A = Elapsed time spent in this place.
 B = Non-inter-level travel time spent in this place.
 C = Inter-level travel time spent in this place.
 D = Time resting spent in this place.
 E = Time spent auto-exploring this place.
 F = Levels seen in this place.
 G = Mean time per level.
                   A        B        C        D        E       F      G
               +--------+--------+--------+--------+--------+-----+--------+
         Total |   2597 |   2546 |     51 |      0 |   1982 |   5 |  519.4 |
       Dungeon |   2597 |   2546 |     51 |      0 |   1982 |   5 |  519.4 |
               +--------+--------+--------+--------+--------+-----+--------+

Top non-repeatable levels by time:
     D:1: 751 daAuts
     D:4: 674 daAuts
     D:3: 595 daAuts
     D:2: 508 daAuts
     D:5: 67 daAuts
